 Dungeon Crawl Stone Soup version 0.19-a0-1740-g0bcaf2e (webtiles) character file.

16 hairmachine the Stinger (level 2, 0/22 HPs)
             Began as a Naga Venom Mage on Oct 1, 2016.
             Slain by an ooze (5 damage)
             ... on level 1 of the Dungeon.
             The game lasted 00:02:24 (679 turns).

hairmachine the Stinger (Naga Venom Mage)            Turns: 679, Time: 00:02:25

Health: 0/22       AC:  1    Str: 10    XL:     2   Next: 58%
Magic:  1/5        EV: 10    Int: 15    God:
Gold:   14         SH:  0    Dex: 11    Spells: 1 memorised, 4 levels left

rFire  . . .     SeeInvis +     (no weapon)
rCold  . . .     Gourm    .     a - +0 robe
rNeg   . . .     Faith    .     (no shield)
rPois  +         Spirit   .     (no helmet)
rElec  .         Dismiss  .     (no cloak)
rCorr  .         Reflect  .     (no gloves)
MR     .....     Harm     .     (no barding)
Stlth  ++........               (no amulet)
                                (no ring)
                                (no ring)

@: very slightly contaminated, very slow
A: see invisible, deformed body, poison resistance, slowness 2, slow metabolism
1, spit poison 1, AC +0
a: Spit Poison


You were on level 1 of the Dungeon.
You were not hungry.

You visited 1 branch of the dungeon, and saw 1 of its levels.

You collected 14 gold pieces.

Inventory:

Armour
 a - a +0 robe (worn)
Jewellery
 j - an uncursed ring of resist corrosion {unknown}
Scrolls
 e - a scroll of remove curse
Books
 b - a Young Poisoner's Handbook

   Spells                             Type                      Level
   a - Sting                          Conjuration/Poison           1
   b - Mephitic Cloud                 Conjuration/Poison/Air       3
   c - Olgreb's Toxic Radiance        Poison                       4
   d - Alistair's Intoxication        Transmutation/Poison         5
   e - Venom Bolt                     Conjuration/Poison           5
Comestibles
 c - 2 bread rations


   Skills:
 - Level 1.5 Dodging
 - Level 3.0 Stealth
 - Level 2.0 Spellcasting
 + Level 6.2 Poison Magic


You had 4 spell levels left.
You knew the following spells:

 Your Spells              Type           Power        Failure   Level  Hunger
a - Sting                 Conj/Pois      ##..         8%          1    #......


Dungeon Overview and Level Annotations

Branches:
Dungeon (1/15)

Altars:


Innate Abilities, Weirdness & Mutations

You cannot wear boots.
Your serpentine skin is tough. (AC +0)
You have supernaturally acute eyesight. (SInv)
Armour fits poorly on your strangely shaped body.
Your system is resistant to poisons. (rPois)
You cover ground very slowly.
You have a slow metabolism.
You can spit poison.


Message History

The ooze closely misses you.
As you read the scroll labeled CULICK XUUS, it crumbles to dust.
It is a scroll of identify.
e - a scroll of remove curse The ooze hits you but does no damage.
As you read the scroll labeled ZUKUSM IHOREB, it crumbles to dust.
You hear a loud clanging noise!
It was a scroll of noise.
You hear a shout! x2
The ooze closely misses you.
A hobgoblin comes into view. It is wielding a club.
As you read the scroll labeled CAS VOUSMATI, it crumbles to dust.
It is a scroll of amnesia.
Forget which spell ([?*] list [ESC] exit)?
Forget which spell ([?*] list [ESC] exit)?
Okay, then.
The ooze hits you.
* * * LOW HITPOINT WARNING * * *
The ooze hits you.
You die...

#...# .... . #####..# ...##
## #......# ... . #.###..# ..
# ######.####.#
##........##.#####.# #
...........).......# #
#######J#.##..#.##.# #
#@#.##..#.##.#####
##########.#.##............
###..........................
#≈≈.........g#.##.....#.####.
#≈≈...<....#....#.#....... #.
#≈≈.......≈#.........#######.
#≈......(≈≈#....#.##..#####..
#≈≈.....≈≈≈#.................
#≈≈≈≈≈.≈≈≈≈#.....###..#......


You could see an ooze and a hobgoblin.

Vanquished Creatures
  2 dart slugs (D:1)
  A giant cockroach (D:1)
  3 goblins (D:1)
  A hobgoblin (D:1)
  2 bats (D:1)
  2 frilled lizards (D:1)
  2 rats (D:1)
13 creatures vanquished.

Notes
Turn   | Place    | Note
-------+----------+-------------------------------------------
     0 | D:1      | hairmachine the Naga Venom Mage began the quest for the Orb.
     0 | D:1      | Reached XP level 1. HP: 15/15 MP: 3/3
   252 | D:1      | Reached XP level 2. HP: 22/22 MP: 3/5
   319 | D:1      | Reached skill level 6 in Poison Magic
   679 | D:1      | Slain by an ooze

Vault maps used:
D:1:      dpeg_arrival_pond

Skill      XL: |  1  2 |
---------------+-------+-----
Poison Magic   | 6 |  6.2
Dodging        | |  1.5
Stealth        | |  3.0
Spellcasting   | |  2.0

Action                   || total
-------------------------++-------
 Cast: Sting             ||    31
  Use: Scroll            ||     3
       Potion            ||     1
Armor: Robe              ||     9
Dodge: Dodged            ||    22
